Selects Advanced Infantry Battlegroup
Selects Advanced Infantry Battlegroup
Selects Advanced Infantry Battlegroup
Selects Convert to Ranger Squad
Selects Frontline Medical Station
Frontline Medical Station
M1918 Browning Automatic Rifles
Selects Ranger Weapon Training
Selects Ammunition Storage
Selects M2A1 105mm Howitzer Emplacement
Selects 155mm Rapid Artillery Barrage
M18 Hellcat Tank Destroyer
Construct Weapon Support Center
M4(105) Sherman Bulldozer
M18 Hellcat Tank Destroyer
M3 Armored Personnel Carrier
Advanced Air Reconnaissance
Grasshopper High-Altitude Recon Run
M18 Hellcat Tank Destroyer
Grasshopper High-Altitude Recon Run
Grasshopper High-Altitude Recon Run
155mm Rapid Artillery Barrage
155mm Rapid Artillery Barrage
Grasshopper High-Altitude Recon Run